 Dungeon Sprint DCSS version 0.30-a0-140-gd1020e658a (webtiles) character file.

Game seed: 11214600695068251696

20199 mhtbhm the Metallomancer (level 12, -11/59 HPs)
             Began as a Gargoyle Earth Elementalist on Sept 24, 2022.
             Was the Champion of Vehumet.
             Killed from afar by a frost giant (26 damage)
             ... with a bolt of cold
             ... in the Dungeon (Sprint IX: "|||||||||||||||||||||||||||||").
             The game lasted 00:16:43 (6216 turns).

mhtbhm the Metallomancer (GrEE)                     Turns: 6216, Time: 00:16:44

Health: -11/59     AC: 15    Str: 15    XL:     12   Next: 77%
Magic:  7/33       EV: 14    Int: 21    God:    Vehumet [******]
Gold:   428        SH:  0    Dex: 10    Spells: 12/45 levels left

rFire   + . .      SeeInvis .    l - +4 quarterstaff (drain)
rCold   + . .      Faith    .    (shield currently unavailable)
rNeg    + . .      Spirit   .    a - +2 robe {rF+}
rPois   ∞          Reflect  .    G - +1 helmet
rElec   +          Harm     .    w - +0 cloak
rCorr   .          Rampage  .    x - +0 pair of gloves
Will    .....      NoTele   +    k - +0 pair of boots
Stlth   +++.......               (no amulet)
HPRegen 0.19/turn                m - +3 ring of strength
MPRegen 0.23/turn                E - ring of protection from cold

@: corroded
A: sickness immunity, AC +8, negative energy resistance 1, electricity
resistance, torment resistance 1, petrification resistance
a: Renounce Religion


You were in the Dungeon.
You worshipped Vehumet.
Vehumet was exalted by your worship.
You visited 1 branch You collected 1923 gold pieces.
You spent 1495 gold pieces at shops.

Inventory:

Hand Weapons
 l - a +4 quarterstaff of draining (weapon)
Missiles
 t - 6 poisoned darts
 y - 5 curare-tipped darts (quivered)
Armour
 a - a +2 robe of fire resistance (worn)
 k - a +0 pair of boots (worn)
 w - a +0 cloak (worn)
 x - a +0 pair of gloves (worn)
 G - a +1 helmet (worn)
 H - the +3 hat of Pondering {ponderous, Will+ MP+10 Int+5}
   (You found it in the Dungeon)

   Int:       It affects your intelligence (+5).
   MP:        It affects your magic capacity (+10).
   Will:      It increases your willpower.
Jewellery
 m - a +3 ring of strength (left hand)
 C - a ring of fire
 D - a ring of protection from fire
 E - a ring of protection from cold (right hand)
 F - a ring of protection from cold
Wands
 s - a wand of digging (3)
 u - a wand of quicksilver (5)
Scrolls
 h - 2 scrolls of amnesia
 i - 2 scrolls of blinking
 p - 4 scrolls of enchant armour
 q - a scroll of fear
 r - 2 scrolls of fog
 z - a scroll of vulnerability
 I - a scroll of identify
 J - 2 scrolls of enchant weapon
Potions
 b - 2 potions of magic
 c - 7 potions of curing
 d - 3 potions of heal wounds
 e - 4 potions of haste
 f - 3 potions of berserk rage
 g - 3 potions of invisibility
 j - a potion of resistance
 o - 3 potions of might
 v - a potion of flight
 A - a potion of attraction
 B - a potion of brilliance


   Skills:
 - Level 0.1 Fighting
 + Level 1.3 Throwing
 + Level 6.6 Armour
 + Level 8.2 Dodging
 + Level 7.2 Stealth
 - Level 0.4 Unarmed Combat
 + Level 17.4 Spellcasting
 + Level 12.1 Conjurations
 + Level 3.2 Transmutations
 + Level 2.0 Air Magic
 + Level 22.5 Earth Magic
 + Level 3.0 Poison Magic
 + Level 5.3 Evocations


You had 12 spell levels left.
You knew the following spells:

 Your Spells              Type           Power      Damage    Failure   Level
a - Sandblast             Erth           100%       2d20      0%          1
b - Passwall              Tmut/Erth      53%        N/A       1%          2
c - Stone Arrow           Conj/Erth      100%       3d13      0%          3
d - Petrify               Tmut/Erth      64%        N/A       1%          4
e - Mephitic Cloud        Conj/Pois/Air  42%        N/A       1%          3
f - Iron Shot             Conj/Erth      37%        9d7       1%          6
g - Lee's Rapid Deconstr  Erth           42%        3d22*     0%          5
h - Eringya's Noxious Bo  Tmut/Pois      15%        N/A       32%         6
i - Inner Flame           Hex/Fire       18%        N/A       2%          3

Your spell library contained the following spells:

 Spells                   Type           Power      Damage    Failure   Level
 Lehudib's Crystal Spear  Conj/Erth      37%        10d9      4%          8
 Freeze                   Ice            72%        1d9       1%          1
 Hailstorm                Conj/Ice       43%        3d10      1%          4
 Frozen Ramparts          Ice            36%        1d6       2%          3
 Gell's Gravitas          Tloc           18%        N/A       9%          3
 Lesser Beckoning         Tloc           18%        N/A       9%          3
 Portal Projectile        Hex/Tloc       36%        N/A       9%          3
 Cause Fear               Hex            9%         N/A       30%         4
 Discord                  Hex            9%         N/A       100%        8


Dungeon Overview and Level Annotations

Branches:
Dungeon (1/1)

Altars:
Cheibriados
Dithmenos
Elyvilon
Fedhas
Gozag
Hepliaklqana
Kikubaaqudgha
Makhleb
Nemelex Xobeh
Okawaru
Qazlal
Ru
Sif Muna
Trog
Uskayaw
Vehumet
Wu Jian
Xom
Yredelemnul
Zin
The Shining One
Jiyva
Lugonu

Shops:
D :*[!


Innate Abilities, Weirdness & Mutations

You are immune to sickness and miasma.
Your stone body is resilient. (AC +8)
You are immune to poison.
You resist negative energy. (rN+)
You are resistant to electric shocks. (rElec)
You are resistant to unholy torment.
You are immune to petrification.


Message History

The rakshasa is heavily wounded.
The bolt of dispelling energy hits the frost giant!
The frost giant is heavily wounded.
The bolt of dispelling energy hits the stone giant!
The stone giant is lightly wounded.
The stone giant shouts!
The injured rakshasa weaves a defensive illusion!
Unknown command.
Unknown command.
Aiming: Quicksilver Bolt
Press: ? - help, Shift-Dir - straight line, f - rakshasa
Aim: a rakshasa, wielding a +0 long sword and wearing a +0 robe (heavily wounded, 60% to hit)
The bolt of dispelling energy hits the rakshasa!!
The rakshasa is almost dead.
The bolt of dispelling energy hits the rakshasa!
The rakshasa is almost dead.
The bolt of dispelling energy misses the frost giant.
The bolt of dispelling energy hits the stone giant!!
The stone giant is heavily wounded.
A fire giant comes into view.
It is wielding a +1 great sword of flaming.
The rakshasa hits you with a +0 long sword.
* * * LOW HITPOINT WARNING * * *
Unknown command.
Unknown command.
Aiming: Quicksilver Bolt
Press: ? - help, Shift-Dir - straight line, f/p - rakshasa
Aim: a rakshasa, wielding a +0 long sword and wearing a +0 robe (almost dead, 60% to hit)
The bolt of dispelling energy hits the rakshasa!
You kill the rakshasa!
Vehumet accepts your kill.
You feel your power returning.
The rakshasa shimmers and vanishes!
The bolt of dispelling energy hits the frost giant!!
The frost giant is severely wounded.
The bolt of dispelling energy hits the stone giant!
The stone giant is heavily wounded.
The bolt of dispelling energy hits the fire giant!
The fire giant is lightly wounded.
The frost giant casts a spell at you. The bolt of cold hits you!! You resist.
You die...

...'............'.........'÷.....
▓▓▓▓▓▓▓▓▓▓▓▓▓▓▓▓▓▓▓▓▓▓▓▓▓▓▓▓▓▓▓▓▓
.......)...........[.)...........
▓▓▓▓▓▓▓▓▓▓▓▓▓▓▓▓▓▓▓▓▓▓▓▓▓▓▓▓▓▓▓▓▓
.....∩.∩[∩.∩.)))[[.....[..)..))).
▓▓▓▓▓▓▓▓▓▓▓▓▓▓▓▓▓▓▓▓▓▓▓▓▓▓▓▓▓▓▓▓▓
.................................
▓▓▓▓▓▓▓▓▓▓▓▓▓▓▓▓▓▓▓▓▓▓▓▓▓▓▓▓▓▓▓▓▓
,,,,,,,,,.C†CC))@.........[..[[[[
*********▓▓▓▓▓▓▓▓▓▓▓▓▓▓▓▓▓▓▓▓▓▓▓▓
,,,,,,,,,,,,,,,,,,,,,,,,,,,,,,,,,
*********************************
,,+,,,,,,,,,+,,,,,,,,,+,,,,,,,,,+
*********************************
,,,,,,,,,,,,,,,,,,,,,,,,,,,,,,,,,
*********************************
,,,,,,,,,,,,,,,,,,,,,+,,,,,,,,,,,


You could see a frost giant, a fire giant and a stone giant.

Vanquished Creatures
  A tengu reaver (D)
  A dire elephant (D)
  A fire dragon (D)
  Harold (D)
  A rakshasa (D)
  Erolcha (D)
  2 centaur warriors (D)
  A catoblepas (D)
  A boulder beetle (D)
  Sonja (D)
  A skeletal warrior (D)
  5 orc knights (D)
  3 orc sorcerers (D)
  A manticore (D)
  An oklob plant (D)
  2 cyclopes (D)
  7 elephants (D)
  6 cane toads (D)
  2 komodo dragons (D)
  2 tengu conjurers (D)
  A polar bear (D)
  A polar bear (shapeshifter) (D)
  A troll (D)
  3 yaks (D)
  3 basilisks (D)
  A vampire mosquito (D)
  A steam dragon (D)
  An acid dragon (D)
  12 orc warriors (D)
  A centaur (D)
  A bullfrog (D)
  2 howler monkeys (D)
  2 hounds (D)
  5 orc priests (D)
  5 orc wizards (D)
  A gnoll (D)
  12 orcs (D)
  A ball python (D)
  A bat simulacrum (D)
  An endoplasm (D)
  A giant cockroach (D)
  A hobgoblin (D)
  A kobold (D)
100 creatures vanquished.

Notes
Turn   | Place    | Note
-------+----------+-------------------------------------------
     0 | D        | mhtbhm the Gargoyle Earth Elementalist began the quest for
                  | the Orb.
     0 | D        | Reached XP level 1. HP: 10/10 MP: 3/3
     6 | D        | Reached skill level 4 in Earth Magic
   170 | D        | Noticed a hound
   170 | D        | Noticed a hound
   170 | D        | Noticed an orc priest
   173 | D        | Killed an orc priest
   174 | D        | Reached skill level 6 in Earth Magic
   174 | D        | Reached XP level 2. HP: 12/15 MP: 1/6
   174 | D        | Reached XP level 3. HP: 15/19 MP: 1/8
   337 | D        | Learned a level 2 spell: Passwall
   341 | D        | Learned a level 3 spell: Stone Arrow
   344 | D        | Reached skill level 7 in Earth Magic
   344 | D        | Reached XP level 4. HP: 24/24 MP: 5/10
   347 | D        | Reached skill level 1 in Transmutations
   347 | D        | Reached skill level 8 in Earth Magic
   553 | D        | Found a snail-covered altar of Cheibriados.
   553 | D        | Found a shadowy altar of Dithmenos.
   553 | D        | Found a white marble altar of Elyvilon.
   553 | D        | Found a blossoming altar of Fedhas.
   553 | D        | Found an opulent altar of Gozag.
   554 | D        | Found a hazy altar of Hepliaklqana.
   555 | D        | Found a viscous altar of Jiyva.
   556 | D        | Found an ancient bone altar of Kikubaaqudgha.
   557 | D        | Found a corrupted altar of Lugonu.
   558 | D        | Found a burning altar of Makhleb.
   559 | D        | Found a sparkling altar of Nemelex Xobeh.
   560 | D        | Found an iron altar of Okawaru.
   561 | D        | Found a stormy altar of Qazlal.
   562 | D        | Found a sacrificial altar of Ru.
   563 | D        | Found a shimmering blue altar of Sif Muna.
   564 | D        | Found a bloodstained altar of Trog.
   565 | D        | Found a hide-covered altar of Uskayaw.
   566 | D        | Found a radiant altar of Vehumet.
   567 | D        | Found an ornate altar of the Wu Jian Council.
   568 | D        | Found a shimmering altar of Xom.
   569 | D        | Found a basalt altar of Yredelemnul.
   570 | D        | Found a glowing silver altar of Zin.
   571 | D        | Found a glowing golden altar of the Shining One.
   574 | D        | Became a worshipper of Vehumet
   617 | D        | Learned a level 4 spell: Petrify
   617 | D        | Noticed an orc warrior
   617 | D        | Noticed an acid dragon
   617 | D        | Noticed a centaur
   617 | D        | Noticed a steam dragon
   618 | D        | Killed a steam dragon
   619 | D        | Reached skill level 10 in Earth Magic
   619 | D        | Reached XP level 5. HP: 21/28 MP: 7/13
   619 | D        | Reached XP level 6. HP: 24/32 MP: 8/15
   624 | D        | Reached * piety under Vehumet
   624 | D        | Offered knowledge of Freeze by Vehumet.
   625 | D        | Reached skill level 11 in Earth Magic
   831 | D        | Killed an acid dragon
   832 | D        | Reached skill level 5 in Stealth
   832 | D        | Reached skill level 12 in Earth Magic
   832 | D        | Reached XP level 7. HP: 22/36 MP: 4/18
   834 | D        | Reached skill level 5 in Dodging
   834 | D        | Reached skill level 1 in Conjurations
   834 | D        | Reached ** piety under Vehumet
   834 | D        | Offered knowledge of Magic Dart by Vehumet.
   835 | D        | Reached skill level 1 in Evocations
  1078 | D        | Noticed a vampire mosquito
  1078 | D        | Noticed a troll
  1078 | D        | Noticed a cyclops
  1078 | D        | Noticed a cyclops
  1078 | D        | Noticed a centaur warrior
  1083 | D        | Killed a cyclops
  1083 | D        | Killed a troll
  1083 | D        | Offered knowledge of Kindle Blastsparks by Vehumet.
  1084 | D        | Reached skill level 13 in Earth Magic
  1084 | D        | Reached XP level 8. HP: 17/41 MP: 18/21
  1084 | D        | Killed a cyclops
  1084 | D        | Reached *** piety under Vehumet
  1085 | D        | Reached skill level 10 in Spellcasting
  1085 | D        | Reached skill level 14 in Earth Magic
  1085 | D        | Killed a centaur warrior
  1086 | D        | Reached skill level 15 in Earth Magic
  1086 | D        | Reached XP level 9. HP: 13/45 MP: 18/23
  1397 | D        | Got the Verses on Displacement
  1645 | D        | Noticed a cane toad
  1645 | D        | Noticed a komodo dragon
  1645 | D        | Noticed a cane toad
  1645 | D        | Noticed a cane toad
  1646 | D        | Noticed a polar bear
  1648 | D        | Offered knowledge of Iskenderun's Mystic Blast by Vehumet.
  1755 | D        | Killed a cane toad
  1755 | D        | Reached **** piety under Vehumet
  1756 | D        | Reached skill level 5 in Armour
  1760 | D        | Killed a cane toad
  1761 | D        | Reached skill level 16 in Earth Magic
  1762 | D        | Killed a komodo dragon
  2012 | D        | Offered knowledge of Mephitic Cloud by Vehumet.
  2013 | D        | Reached XP level 10. HP: 50/50 MP: 16/25
  2016 | D        | Killed a cane toad
  2069 | D        | Reached ***** piety under Vehumet
  2070 | D        | Reached skill level 5 in Conjurations
  2074 | D        | Learned a level 3 spell: Mephitic Cloud
  2189 | D        | Offered knowledge of Lightning Bolt by Vehumet.
  2199 | D        | Noticed a cane toad
  2206 | D        | Killed a cane toad
  2436 | D        | Noticed a cane toad
  2436 | D        | Noticed a cane toad
  2437 | D        | Noticed a boulder beetle
  2438 | D        | Reached skill level 17 in Earth Magic
  2440 | D        | Killed a cane toad
  2445 | D        | Killed a cane toad
  2711 | D        | Offered knowledge of Yara's Violent Unravelling by Vehumet.
  2717 | D        | Killed a boulder beetle
  2719 | D        | Noticed an oklob plant
  2888 | D        | Noticed a catoblepas
  2910 | D        | Killed an oklob plant
  2911 | D        | Reached skill level 18 in Earth Magic
  2911 | D        | Reached skill level 1 in Poison Magic
  3143 | D        | Killed a catoblepas
  3144 | D        | Reached XP level 11. HP: 32/54 MP: 16/28
  3373 | D        | Noticed a dire elephant
  3385 | D        | Killed a dire elephant
  3386 | D        | Reached skill level 1 in Air Magic
  3889 | D        | Reached skill level 19 in Earth Magic
  3893 | D        | Reached skill level 10 in Conjurations
  4303 | D        | Noticed Erolcha
  4304 | D        | Noticed Sonja
  4312 | D        | Killed Erolcha
  4314 | D        | Killed Sonja
  4315 | D        | Reached skill level 5 in Evocations
  4449 | D        | Reached ****** piety under Vehumet
  4451 | D        | Offered knowledge of Iron Shot by Vehumet.
  4693 | D        | Learned a level 6 spell: Iron Shot
  4705 | D        | Noticed an orc knight
  4718 | D        | Offered knowledge of Lee's Rapid Deconstruction by Vehumet.
  4752 | D        | Learned a level 5 spell: Lee's Rapid Deconstruction
  4800 | D        | Reached skill level 15 in Spellcasting
  4978 | D        | Killed an orc knight
  4979 | D        | Reached skill level 20 in Earth Magic
  5061 | D        | Offered knowledge of Starburst by Vehumet.
  5171 | D        | Found Wownorghu's Distillery.
  5171 | D        | Noticed an orc knight
  5171 | D        | Noticed an orc sorcerer
  5173 | D        | Killed an orc sorcerer
  5173 | D        | Noticed an orc sorcerer
  5174 | D        | Reached XP level 12. HP: 59/59 MP: 25/31
  5181 | D        | Noticed a sun demon
  5184 | D        | Reached skill level 1 in Throwing
  5534 | D        | Reached skill level 21 in Earth Magic
  5601 | D        | Offered knowledge of Eringya's Noxious Bog by Vehumet.
  5615 | D        | Learned a level 6 spell: Eringya's Noxious Bog
  5627 | D        | Found Hossece's Antique Armour Shop.
  5631 | D        | Found Jazuf's Assorted Antiques.
  5634 | D        | Found Nyocigep's Book Shop.
  5769 | D        | Bought a potion of resistance for 120 gold pieces
  5769 | D        | Bought a potion of curing for 36 gold pieces
  5769 | D        | Bought a potion of invisibility for 96 gold pieces
  5769 | D        | Bought a potion of haste for 120 gold pieces
  5769 | D        | Bought a potion of heal wounds for 60 gold pieces
  5773 | D        | Bought a scroll labelled NAIPLI LEIR for 26 gold pieces
  5773 | D        | Bought a glowing inky potion for 23 gold pieces
  5773 | D        | Bought a potion of invisibility for 208 gold pieces
  5774 | D        | Bought a scroll of identify for 52 gold pieces
  5781 | D        | Bought a book of Hexes for 468 gold pieces
  5781 | D        | Bought a book of Frost for 286 gold pieces
  5791 | D        | Learned a level 3 spell: Inner Flame
  5854 | D        | Noticed Harold
  5858 | D        | Killed Harold
  6028 | D        | Found the +3 hat of Pondering {ponderous, Will+ MP+10
                  | Int+5}
  6086 | D        | Noticed a centaur warrior
  6091 | D        | Killed a centaur warrior
  6091 | D        | Noticed a fire dragon
  6093 | D        | Offered knowledge of Lehudib's Crystal Spear by Vehumet.
  6093 | D        | Noticed a tengu reaver
  6094 | D        | Reached skill level 22 in Earth Magic
  6199 | D        | Killed a fire dragon
  6207 | D        | Noticed a rakshasa
  6211 | D        | Noticed a frost giant
  6213 | D        | Noticed a stone giant
  6214 | D        | Killed a tengu reaver
  6215 | D        | Noticed a fire giant
  6216 | D        | Killed a rakshasa
  6216 | D        | Killed from afar by a frost giant

Illustrated notes

Levels and vault maps discovered:
D:        linesprint [early_d, line_temple, items_1, d_10, items_2, lair_1,
          lair_end, items_3, orc_1, orc_end, items_4, d_15, swamp_1, shoals_1,
          snake_1, spider_1, d_20, vaults_1, items_5, swamp_end, shoals_end,
          snake_end, spider_end, vaults_end, d_27, items_6, zot_1, zot_end,
          crypt_end, forest_end, elf_end, slime_end, tomb_end, abyss_end,
          pan_hell_end]

Skill      XL: |  1  2  3  4  5  6  7  8  9 10 11 12 |
---------------+-------------------------------------+-----
Earth Magic    | 6 7 10 12 13 15 16 18 20 22 | 22.5
Dodging        | 2 3 4 5 6 7 8 |  8.2
Spellcasting   | 3 4 6 7 9 10 11 13 15 17 | 17.4
Stealth        | 3 4 5 6 7 |  7.2
Transmutations | 1 2 3 |  3.2
Conjurations   | 2 3 4 8 11 12 | 12.1
Evocations     | 2 3 4 5 |  5.3
Armour         | 2 4 5 6 |  6.6
Poison Magic   | 1 3 |  3.0
Air Magic      | 2 |  2.0
Throwing       | 1 |  1.3
Fighting       | |  0.1
Unarmed Combat | |  0.4

Action                   |  1- 3 |  4- 6 |  7- 9 | 10-12 || total
-------------------------+-------+-------+-------+-------++-------
Melee: Unarmed           |     9 |     3 |       |       ||    12
Throw: Dart              |       |       |       |     4 ||     4
 Cast: Sandblast         |    11 |     4 |       |    23 ||    38
       Stone Arrow       |     1 |     6 |    18 |   111 ||   136
       Petrify           |       |       |     1 |     3 ||     4
       Mephitic Cloud    |       |       |       |     9 ||     9
       Lee's Rapid Decon |       |       |       |    26 ||    26
       Iron Shot         |       |       |       |    11 ||    11
Evoke: Wand              |       |     2 |     7 |     9 ||    18
  Use: Potion            |     1 |     2 |     2 |     6 ||    11
       Scroll            |     1 |       |       |     3 ||     4
Armor: Robe              |     6 |     1 |     2 |    27 ||    36
       Acid dragon scale |       |       |     6 |       ||     6
Dodge: Dodged            |    14 |     6 |    10 |    37 ||    67

Table legend: (Time is in decaauts)
 A = Elapsed time spent in this place.
 B = Non-inter-level travel time spent in this place.
 C = Inter-level travel time spent in this place.
 D = Time resting spent in this place.
 E = Time spent auto-exploring this place.
 F = Levels seen in this place.
 G = Mean time per level.
                   A        B        C        D        E       F      G
               +--------+--------+--------+--------+--------+-----+--------+
         Total |   6232 |   6232 |      0 |   4146 |    536 |   1 | 6232.0 |
       Dungeon |   6232 |   6232 |      0 |   4146 |    536 |   1 | 6232.0 |
               +--------+--------+--------+--------+--------+-----+--------+

Top non-repeatable levels by time:
       D: 6232 daAuts
